 Dungeon Crawl Stone Soup version 0.31.0-32-g396128a36d (webtiles) character file.

Game seed: 17876339053387968979

261 imdaedric the Conjurer (level 5, -11/30 HPs)
             Began as a Deep Elf Conjurer on Apr 21, 2024.
             Killed by nerve-wracking pain
             ... invoked by Grinder
              (13 damage)
             ... on level 3 of the Dungeon.
             The game lasted 00:04:35 (3020 turns).

imdaedric the Conjurer (Deep Elf Conjurer)          Turns: 3020, Time: 00:04:35

Health: -11/30     AC:  3    Str:  4    XL:     5   Next: 96%
Magic:  17/22      EV: 12    Int: 25    God:
Gold:   154        SH:  0    Dex: 13    Spells: 10/13 levels left

rFire   . . .        (no weapon)
rCold   . . .        (no shield)
rNeg    . . .        a - +0 robe
rPois   .            o - +0 helmet
rElec   .            (no cloak)
rCorr   .            (no gloves)
SInv    .            (no boots)
Will    .....        (no amulet)
Stlth   ++           j - ring of magical power
HPRegen 0.25/turn    (no ring)
MPRegen 0.18/turn

%: no passive effects
@: no status effects
A: no striking features
a: no special abilities


You were on level 3 of the Dungeon.
You visited 1 branch of the dungeon, and saw 3 of its levels.

You collected 154 gold pieces.

Inventory:

Armour
 a - a +0 robe (worn)
 i - the +2 pair of gloves of Plog {*Slow rF+ rCorr Int+5}
   (You found it on level 2 of the Dungeon)

   Int+5:     It affects your intelligence (+5).
   rF+:       It protects you from fire.
   rCorr:     It protects you from acid and corrosion.
   *Slow:     It may slow you when you take damage.
 o - a +0 helmet (worn)
Jewellery
 j - a ring of magical power (left hand)
Scrolls
 c - a scroll of teleportation {unknown}
 d - a scroll of poison {unknown}
 e - a scroll of enchant armour {unknown}
 f - 2 scrolls of amnesia
 g - a scroll of silence
Potions
 b - a potion of magic
 h - 4 potions of lignification {unknown}
 l - a potion of brilliance {unknown}
 m - a potion of enlightenment {unknown}
 n - a potion of haste {unknown}
 p - a potion of heal wounds {unknown}


   Skills:
 + Level 2.0 Fighting
 - Level 2.4 Dodging
 - Level 2.4 Stealth
 + Level 4.5 Spellcasting
 + Level 5.2 Conjurations
 + Level 2.5 Translocations
 + Level 2.6 Alchemy


You had 10 spell levels left.
You knew the following spells:

 Your Spells              Type           Power      Damage    Failure   Level
a - Magic Dart            Conj           100%       1d8       1%          1
z - Searing Ray           Conj           62%        2d6       1%          2

Your spell library contained the following spells:

 Spells                   Type           Power      Damage    Failure   Level
 Fulminant Prism          Conj/Alch      12%        3d9       17%         4
 Iskenderun's Mystic Bla  Conj/Tloc      25%        2d7       17%         4
 Inner Flame              Hex/Fire       5%         N/A       26%         3
 Irradiate                Conj/Alch      12%        3d15      43%         5
 Ignition                 Fire           2%         3d3       100%        8


Dungeon Overview and Level Annotations

Branches:
Dungeon (3/15)

Altars:

Shops:
D:1 *

Annotations:
D:3 Grinder


Message History

Grinder hits you.
You writhe in agony.
Grinder gestures at you. You resist with significant effort.
You can move again.
Grinder hits you. Grinder gestures at you.
You suddenly lose the ability to move!
Grinder hits you.
* * * LOW HITPOINT WARNING * * *
You writhe in agony.
* * * LOW HITPOINT WARNING * * *
Grinder gestures at you. You resist with significant effort. Grinder hits you.
* * * LOW HITPOINT WARNING * * *
You writhe in agony.
* * * LOW HITPOINT WARNING * * *
You can move again.
You feel better. Grinder gestures at you. You resist with significant effort.
Casting: Searing Ray (safe; 1% risk of failure)
Confirm with . or Enter, or press ? or * to list all spells.
Aiming: Searing Ray (safe; 1% risk of failure)
Press: ? - help, Shift-Dir - straight line, f/p - Grinder
Aim: Grinder (lightly wounded, 77% to hit)
The searing ray hits Grinder!
Grinder is moderately wounded. (Press . to maintain the ray.) Grinder hits you but does no damage.
The searing ray hits Grinder.
Grinder is heavily wounded.
Grinder hits you!
* * * LOW HITPOINT WARNING * * *
The searing ray hits Grinder.
Grinder is heavily wounded.
Grinder gestures at you. Pain shoots through your body!
You die...
Grinder says, "Now the real fun starts!"

#...........#.#....#####
#.#.
#.[......##.#..........#
#.##
#........##....#...###.#
#.#.
###......####......#...#
#.#. #......#
####....#.### #.#.
##.#..## #.......#.# #.#.
#.#..# #.#..>..#.# #.#.
#.#..####.#.#...#.#####.#.
.....#...@#.#.###.#.....##
#.##.####5###.....#.######
.....# ♣.. #######.......
#.##### .... ########
♣.♣.# .♣.♣# # #


You could see Grinder.

Vanquished Creatures
  Jessica (D:2)
  Natasha (thrice) (D:3)
  Terence (D:2)
  Robin (D:3)
  2 gnolls (D:2)
  4 adders
  A dart slug (D:1)
  2 ribbon worms (D:2)
  6 bats
  4 endoplasms
  2 giant cockroaches
  14 goblins
  8 hobgoblins
  3 quokkas
  5 ball pythons
  2 frilled lizards
  5 kobolds
  5 rats
69 creatures vanquished.

Notes
Turn   | Place    | Note
-------+----------+-------------------------------------------
     0 | D:1      | imdaedric the Deep Elf Conjurer began the quest for the
                  | Orb.
     0 | D:1      | Reached XP level 1. HP: 10/10 MP: 6/6
    97 | D:1      | Found Ibrulif's Assorted Antiques.
   122 | D:1      | Reached XP level 2. HP: 16/16 MP: 6/8
   155 | D:1      | Learned a level 2 spell: Searing Ray
   609 | D:1      | Reached skill level 1 in Translocations
   746 | D:2      | Noticed Terence
   751 | D:2      | Killed Terence
   752 | D:2      | Reached skill level 1 in Alchemy
   752 | D:2      | Reached XP level 3. HP: 20/20 MP: 1/10
   884 | D:2      | Reached skill level 1 in Fighting
  1038 | D:2      | Identified the +2 pair of gloves of Plog {*Slow rF+ rCorr
                  | Int+5}
  1287 | D:2      | Reached XP level 4. HP: 25/25 MP: 8/11
  1608 | D:2      | Noticed Jessica
  1612 | D:2      | Killed Jessica
  1788 | D:2      | Reached skill level 5 in Conjurations
  1878 | D:2      | Reached XP level 5. HP: 26/29 MP: 6/13
  2373 | D:3      | Noticed Natasha
  2380 | D:3      | Killed Natasha
  2520 | D:3      | Noticed Natasha
  2523 | D:3      | Killed Natasha
  2657 | D:3      | Noticed Robin
  2664 | D:3      | Noticed Natasha
  2669 | D:3      | Killed Robin
  2673 | D:3      | Killed Natasha
  3003 | D:3      | Noticed Grinder
  3004 | D:3      | Paralysed by Grinder for 2 turns
  3009 | D:3      | Paralysed by Grinder for 3 turns
  3013 | D:3      | Paralysed by Grinder for 4 turns
  3016 | D:3      | HP: 1/30 [Grinder (2)]
  3020 | D:3      | Killed from afar by Grinder

Illustrated notes

Levels and vault maps discovered:
D:1:      grunt_arrival_lava_bath, layout_basic, serial_shops, shop
D:2:      layout_loops_ring, serial_aquarium, aquarium_bridge_straight
          [aquarium_subvault_bridge, aquarium_subvault_window,
          aquarium_subvault_bridge, aquarium_subvault_window],
          aquarium_bridge_long_joined [aquarium_subvault_window,
          aquarium_subvault_window, aquarium_subvault_wall,
          aquarium_subvault_bridge, aquarium_subvault_balcony,
          aquarium_subvault_window], aquarium_window_corner,
          aquarium_window_fake, aquarium_window_corner, aquarium_view_2a,
          ebering_dispersal_statue_hall, uniq_terence, uniq_jessica
D:3:      layout_basic, chequers_arboretum, uniq_natasha, uniq_robin,
          uniq_grinder

Skill      XL: |  1  2  3  4  5 |
---------------+----------------+-----
Translocations | 1 2 |  2.5
Alchemy        | 1 2 |  2.6
Fighting       | 1 2 |  2.0
Spellcasting   | 4 |  4.5
Conjurations   | 5 |  5.2
Dodging        | |  2.4
Stealth        | |  2.4

Action                     |  1- 3 |  4- 6 || total
---------------------------+-------+-------++-------
  Melee: Unarmed           |       |     2 ||     2
   Cast: Magic Dart        |    30 |    44 ||    74
         Searing Ray       |     8 |    24 ||    32
    Use: Scroll            |       |     3 ||     3
         Potion            |       |     1 ||     1
 Armour: Robe              |     1 |    21 ||    22
  Dodge: Dodged            |     2 |    14 ||    16
